cohdb
Replays
Latest Replays
All Replays
Popular Replays
Top Player Replays
Match Explorer
How It Works
Community
CoH3 Stats
Reddit
Sign in to upload your games and track your stats! →
Sign in with Steam
Match 41319368
Unlisted
Match 41319368
Overview
Messages
Build Orders
End
Kettenkrad Recon Vehicle
Construct Infanterie Kompanie
MG 42 Machine Gun Team
Grenadier Squad
Grenadier Squad
Construct Luftwaffe Kompanie
221 Scout Car
Selects Mechanized Battlegroup
Selects Raid Package
Selects Mobile Repair Stations
Jäger Squad
Construct Panzer Kompanie
GrW 34 Mortar Team
Stoßtruppen Squad
Nubbl0r
calinandreiion
0
0
Comments
sign in to comment!
No comments posted yet!